Map: Port Aleksander LE

Players

dark

  • Race: Zerg Zerg
  • Spawn Location: 11:00

Stats - Winner!

  • Race: Protoss Protoss
  • Spawn Location: 5:00

Event: IEM Season 13: Katowice (2019)

VOD

Have the link to the VOD?

Description

Time

  • Played on: March 3, 2019, 5:56 a.m.
  • Length: 15:24

All games in this series

Show
View Real Time Build Order
Export as new Build Order

dark Zerg 

Build Orders: Hatch First, Roach Hydra 

Get SALT Encoding   

  12  0:00  Drone  
  13  0:12  Overlord  
  13  0:18  Drone  
  14  0:32  Drone x2  
  14  0:35  Drone  
  17  0:52  Hatchery  
  17  0:55  Drone  
  17  0:58  Drone  
  18  1:09  Extractor  
  17  1:13  Spawning Pool  
  17  1:16  Drone  
  17  1:20  Drone  
  18  1:29  Drone  
  20  1:40  Drone  
  20  1:48  Hatchery  
  20  1:52  Drone  
  20  2:04  Queen  
  20  2:05  Drone  
  23  2:10  Drone  
  24  2:19  Queen  
  26  2:24  Overlord  
  26  2:29  Drone  
  27  2:30  Drone  
  27  2:35  Metabolic Boost  
  28  2:44  Drone x2  
  28  2:45  Zergling x2  
  28  2:46  Drone  
  28  2:47  Drone  
  33  2:54  Queen  
  35  3:03  Queen  
  35  3:04  Drone  
  38  3:06  Drone  
  38  3:07  Drone  
  38  3:10  Drone  
  38  3:11  Drone  
  42  3:21  Overlord  
  42  3:22  Overlord  
  42  3:23  Overlord  
  42  3:39  Spore Crawler, Drone  
  42  3:40  Drone x6  
  48  3:42  Drone, Spore Crawler  
  48  3:47  Drone  
  49  3:51  Zergling x2  
  49  3:55  Drone x2  
  52  4:01  Drone  
  52  4:02  Lair  
  53  4:04  Drone x4  
  53  4:05  Extractor  
  56  4:11  Overlord  
  56  4:12  Drone x2  
  58  4:24  Overlord  
  58  4:29  Queen, Drone  
  58  4:30  Drone  
  58  4:31  Drone x2  
  64  4:32  Drone x2  
  64  4:37  Spore Crawler  
  65  4:39  Overlord  
  65  4:41  Drone  
  65  4:46  Drone x2  
  65  4:47  Drone x3  
  65  4:51  Zergling x6  
  73  4:58  Drone x2  
  73  4:59  Drone  
  73  5:01  Drone  
  73  5:02  Drone  
  73  5:03  Hydralisk Den, Drone x3  
  73  5:04  Extractor  
  73  5:05  Extractor  
  73  5:06  Extractor  
  74  5:08  Drone  
  74  5:11  Drone x2  
  74  5:12  Overlord  
  78  5:14  Drone  
  78  5:17  Drone  
  79  5:23  Overlord  
  79  5:24  Overlord  
  79  5:31  Hydralisk  
  79  5:32  Hydralisk x3  
  79  5:34  Muscular Augments  
  87  5:37  Overlord x2  
  87  5:42  Hydralisk x2, Hatchery  
  87  5:43  Hydralisk  
  92  5:52  Drone  
  92  5:53  Hydralisk x2  
  97  6:00  Hydralisk x3  
  101  6:08  Drone x4  
  101  6:12  Drone x3  
  101  6:15  Evolution Chamber  
  101  6:16  Hydralisk  
  101  6:18  Overlord  
  105  6:20  Overseer  
  105  6:21  Overlord  
  104  6:27  Overlord x2  
  104  6:28  Overlord  
  104  6:34  Roach Warren  
  104  6:35  Overlord x3  
  103  6:42  Zerg Missile Weapons Level 1  
  103  6:45  Drone x6  
  103  6:46  Grooved Spines  
  109  6:52  Drone  
  109  6:53  Drone x2  
  110  6:56  Hydralisk  
  110  6:57  Hydralisk x4  
  120  7:03  Drone  
  120  7:04  Drone x2  
  119  7:14  Drone  
  119  7:15  Extractor, Glial Reconstitution, Spore Crawler  
  118  7:16  Roach x7  
  118  7:19  Drone  
  118  7:21  Roach x2  
  139  7:22  Roach  
  139  7:27  Roach x3  
  144  7:32  Roach x2  
  144  7:35  Roach x2  
  152  7:37  Ravager x2  
  152  7:40  Ravager, Zergling x8  
  152  7:42  Roach  
  152  7:43  Roach  
  163  7:44  Roach  
  163  7:46  Roach  
  163  7:47  Roach  
  169  7:51  Overlord x2  
  169  7:55  Roach  
  169  7:56  Roach  
  169  7:57  Roach  
  171  8:08  Roach x2  
  171  8:10  Roach x4  
  171  8:11  Roach  
  185  8:15  Roach x2  
  185  8:17  Roach  
  185  8:19  Overlord  
  191  8:20  Overlord  
  182  8:28  Roach x5  
  182  8:33  Hydralisk x3  
  166  8:38  Hydralisk x2  
  172  8:43  Roach x2, Zergling x2  
  172  8:44  Zergling x4  
  172  8:45  Zergling x4  
  177  8:53  Hydralisk x3  
  171  8:56  Hydralisk  
  171  8:57  Zergling x2  
  171  8:58  Zergling x8  
  178  9:08  Hydralisk  
  176  9:12  Hydralisk, Pneumatized Carapace  
  174  9:29  Drone x3  
  174  9:30  Drone x3  
  177  9:39  Drone x2  
  177  9:40  Drone x2  
  177  9:41  Extractor  
  177  9:42  Hydralisk x4, Extractor  
  187  9:47  Roach x2  
  188  10:07  Hydralisk x4  
  196  10:18  Roach  
  198  10:32  Hydralisk, Lurker Den  
  198  10:35  Roach  
  199  10:43  Overseer  
  199  10:47  Roach x2  
  180  10:58  Hydralisk  
  180  10:59  Hydralisk  
  155  11:12  Hydralisk x2  
  159  11:25  Roach x5  
  151  11:40  Hatchery  
  139  11:52  Hatchery  
  130  12:04  Hatchery  
  75  13:19  Drone  
  48  13:22  Drone x3  
  33  13:45  Drone x3  
  33  13:47  Spawning Pool  
  23  14:05  Drone  
  23  14:06  Drone, Spawning Pool  
  25  14:13  Drone  
  16  14:48  Hatchery  
  14  14:53  Zergling x6  
  14  14:58  Roach Warren  
  15  15:02  Hatchery  
Show
View Real Time Build Order
Export as new Build Order

Stats Protoss - Winner!

Build Orders: 1 Gate Expand, Oracle Opening, Archon Immortal, Archon Drop 

Get SALT Encoding   

  12  0:00  Probe  
  13  0:12  Probe  
  14  0:19  Pylon  
  14  0:24  Probe  
  15  0:33  Probe  
  15  0:42  Probe  
  16  0:44  Gateway  
  16  0:47  Assimilator  
  17  0:52  Probe  
  18  1:04  Probe  
  19  1:16  Probe  
  20  1:24  Nexus  
  20  1:35  Cybernetics Core  
  20  1:37  Probe  
  21  1:44  Assimilator  
  21  1:49  Probe  
  21  1:54  Pylon  
  22  2:01  Probe  
  23  2:11  Adept, Probe  
  26  2:19  Stargate  
  26  2:20  Probe  
  26  2:28  Probe  
  26  2:29  Warp Gate  
  27  2:32  Probe  
  27  2:37  Probe  
  29  2:40  Probe  
  30  2:44  Stalker  
  30  2:45  Probe  
  30  2:50  Probe  
  34  2:55  Oracle  
  34  2:56  Probe  
  36  3:02  Probe  
  40  3:08  Probe  
  41  3:14  Probe  
  41  3:18  Pylon  
  42  3:20  Probe, Assimilator  
  42  3:22  Assimilator  
  42  3:26  Oracle  
  42  3:27  Probe  
  44  3:32  Probe  
  45  3:37  Gateway  
  45  3:39  Probe  
  49  3:45  Probe  
  50  3:49  Pylon  
  50  3:51  Probe  
  50  3:53  Robotics Facility  
  51  3:58  Probe  
  52  4:03  Twilight Council, Probe  
  53  4:10  Probe, Pylon  
  53  4:15  Probe  
  55  4:19  Gateway  
  55  4:20  Gateway  
  55  4:24  Pylon  
  55  4:29  Zealot, Warp Prism  
  55  4:31  Zealot  
  59  4:44  Templar Archives  
  61  4:58  Observer  
  61  4:59  Nexus  
  61  5:04  Probe x2  
  64  5:07  Forge  
  64  5:10  Pylon  
  64  5:16  Pylon  
  64  5:24  High Templar x2  
  64  5:25  Immortal, High Templar x2  
  64  5:26  Probe x2  
  74  5:28  Archon x2  
  74  5:33  Protoss Ground Weapons Level 1  
  78  5:38  Probe x2  
  78  5:42  Pylon  
  80  5:53  Probe x2  
  80  5:54  Charge  
  80  5:55  Immortal  
  86  6:14  Gateway  
  86  6:16  Gateway x2  
  86  6:19  Gateway, Probe x3  
  89  6:26  Sentry x2, Zealot x2  
  89  6:31  Immortal  
  97  6:33  Probe x3  
  97  6:37  Pylon  
  103  6:50  Probe x3  
  106  6:54  Sentry x2, Zealot  
  106  6:55  Zealot  
  106  6:58  Pylon, Protoss Ground Weapons Level 2  
  114  7:05  Immortal  
  117  7:09  Pylon  
  117  7:12  Pylon  
  117  7:14  Pylon  
  118  7:21  Zealot x3, Shield Battery  
  124  7:33  Zealot x5  
  134  7:38  Immortal, Pylon  
  134  7:40  Pylon  
  138  7:53  Zealot x4  
  138  7:57  Assimilator  
  146  7:59  Assimilator  
  142  8:18  Zealot x2  
  142  8:19  Zealot x6  
  148  8:27  Immortal  
  124  8:46  Psionic Storm, Zealot x3  
  126  8:49  Zealot x5  
  134  9:09  High Templar x4  
  140  9:10  Immortal, Zealot x2, High Templar x2  
  145  9:34  Zealot x2  
  145  9:36  Shield Battery  
  145  9:38  Photon Cannon  
  149  9:39  Photon Cannon  
  149  9:40  Pylon  
  149  9:43  Zealot x4  
  157  9:50  Zealot x2  
  161  9:55  Shield Battery  
  159  10:09  Zealot x6  
  171  10:17  Zealot  
  171  10:35  Pylon  
  171  10:37  Pylon  
  171  10:44  High Templar x2  
  171  10:48  Archon  
  116  12:00  Pylon, Assimilator  
  116  12:01  Assimilator  
  116  12:27  Pylon  
  113  12:31  Nexus  
  77  13:07  Assimilator  
  38  13:56  Pylon x2  
  38  13:58  Pylon  
  38  14:12  Probe  
  39  14:20  Probe  
  39  14:21  Gateway  
  39  14:22  Forge  
  40  14:28  Probe  
  41  14:41  Probe  
  38  14:52  Probe  
  39  15:00  Probe  
  40  15:09  Probe  
  42  15:21  Zealot  

Tags
 
Add a new tag
Caveats
  • Supply blocks, unpowered buildings, or Contaminate may cause inaccurate times.
  • Supply counts are checked every 10 seconds.